 Dungeon Crawl Stone Soup version 0.26-a0-651-gb41185065b (webtiles) character file.

Game seed: 2640949170045868464

43 Lanoc the Skirmisher (level 3, -3/30 HPs)
             Began as a Barachi Chaos Knight on Oct 10, 2020.
             Was a Plaything of Xom.
             Slain by an adder (4 damage)
             ... on level 2 of the Dungeon.
             The game lasted 00:01:16 (673 turns).

Lanoc the Skirmisher (Barachi Chaos Knight)          Turns: 673, Time: 00:01:17

Health: -3/30      AC:  5    Str: 13    XL:     3   Next: 58%
Magic:  3/3        EV: 12    Int: 12    God:    Xom [..*...]
Gold:   43         SH:  0    Dex: 12    Spells: 2/2 levels left

rFire    . . .     SeeInvis .   a - +0 mace (chaos)
rCold    . . .     Faith    .   (no shield)
rNeg     . . .     Spirit   .   b - +2 leather armour
rPois    .         Reflect  .   (no helmet)
rElec    .         Harm     .   (no cloak)
rCorr    .         Rampage  .   (no gloves)
MR       .....                  (no boots)
Stlth    +.........             (no amulet)
HPRegen  0.10/turn              (no ring)
MPRegen  0.08/turn              (no ring)

@: mighty, lethally poisoned (-3 -> -17), slow
A: +LOS, swims, slowness 1, strong legs 1
a: Hop, Renounce Religion


You were on level 2 of the Dungeon.
You worshipped Xom.
You were a toy of Xom.
You visited 1 branch of the dungeon, and saw 2 of its levels.

You collected 43 gold pieces.

Inventory:

Hand Weapons
 a - a +0 mace of chaos (weapon)
Armour
 b - a +2 leather armour (worn)
Scrolls
 c - a scroll of blinking {unknown}


   Skills:
 + Level 4.0 Fighting
 * Level 4.0 Maces & Flails
 + Level 3.0 Armour
 + Level 1.9 Dodging


You had 2 spell levels left.
You didn't know any spells.
Your spell library was empty.

Dungeon Overview and Level Annotations

Branches:
Dungeon (2/15)

Altars:


Innate Abilities, Weirdness & Mutations

You can be seen from farther away. (+LOS)
You can swim through water.
You cover ground slowly.
You can hop short distances.


Message History

The kobold throws a stone.
The stone hits you but does no damage.
It was a potion of might.
You feel very mighty all of a sudden.
Xom roars with laughter!
You feel sick. Something bites you.
* * * LOW HITPOINT WARNING * * *
You are more poisoned.
Something poisons you!
You completely miss something.
* * * LOW HITPOINT WARNING * * *
You feel sick. Something bites you.
* * * LOW HITPOINT WARNING * * *
Something bites you but does no damage.
You completely miss something.
* * * LOW HITPOINT WARNING * * *
You feel sick. Something bites you but does no damage.
You miss something.
* * * LOW HITPOINT WARNING * * *
You feel sick. Something bites you.
You die...

.... .... .... ... .# #.# ..#
# ####..# #..##.# ##....#
...#.# . ########..r§######
...#.##.
..>........K{@§§.######.......
..........######....÷.#.#.....
.........## ######......##
........## #.......#. ........
###......... ........
#........#.. ........
#.#..<...# ........
#..#......# ........ ...
#......#


You could see a kobold and a rat.

Vanquished Creatures
  2 adders (D:2)
  An ooze (D:1)
  A dart slug (D:1)
  2 giant cockroaches (D:1)
  2 goblins
  3 hobgoblins
  3 bats
  2 frilled lizards
  2 kobolds
  3 rats
21 creatures vanquished.

Notes
Turn   | Place    | Note
-------+----------+-------------------------------------------
     0 | D:1      | Lanoc the Barachi Chaos Knight began the quest for the Orb.
     0 | D:1      | Reached XP level 1. HP: 18/18 MP: 1/1
     2 | D:1      | Noticed a merfolk
     4 | D:1      | Noticed a dwarf
     4 | D:1      | Noticed a gargoyle
     6 | D:1      | Noticed a demonspawn
     8 | D:1      | Noticed a draconian
     8 | D:1      | Noticed a troll
    10 | D:1      | Noticed a naga
    10 | D:1      | Noticed an octopode
    12 | D:1      | Noticed an elf
    14 | D:1      | Noticed a demigod
    14 | D:1      | Noticed a tengu
    16 | D:1      | Noticed a vampire
    16 | D:1      | Noticed a vine stalker
    18 | D:1      | Noticed a minotaur
    18 | D:1      | Noticed an ogre
    20 | D:1      | Noticed a felid
    22 | D:1      | Noticed a spriggan
    22 | D:1      | Noticed a human
    24 | D:1      | Noticed a ghoul
    24 | D:1      | Noticed a formicid
    26 | D:1      | Noticed a halfling
    26 | D:1      | Noticed a centaur
    99 | D:1      | Reached XP level 2. HP: 25/25 MP: 2/2
   400 | D:2      | XOM: potion effect (curing)
   414 | D:2      | Reached XP level 3. HP: 23/30 MP: 3/3
   428 | D:2      | XOM: silly message
   653 | D:2      | XOM: noise
   669 | D:2      | XOM: smoke on damage
   673 | D:2      | HP: 1/30 [poisoned by an adder]
   673 | D:2      | Slain by an adder

Illustrated notes

Levels and vault maps discovered:
D:1:      kb_arrival_jail, layout_basic
D:2:      kennysheep_big_flooded_room, layout_rooms, minmay_misc_feat_columns,
          uniq_terence

Skill      XL: |  1  2  3 |
---------------+----------+-----
Fighting       | 4 |  4.0
Maces & Flails | 4 |  4.0
Armour         | 3 |  3.0
Dodging        | |  1.9

Action                   || total
-------------------------++-------
Melee: Mace              ||    81
 Abil: Hop               ||     1
  Use: Potion            ||     1
Armor: Leather armour    ||    48
Dodge: Dodged            ||    65

Table legend: (Time is in decaauts)
 A = Elapsed time spent in this place.
 B = Non-inter-level travel time spent in this place.
 C = Inter-level travel time spent in this place.
 D = Time resting spent in this place.
 E = Time spent auto-exploring this place.
 F = Levels seen in this place.
 G = Mean time per level.
                   A        B        C        D        E       F      G
               +--------+--------+--------+--------+--------+-----+--------+
         Total |    749 |    735 |     14 |      0 |    547 |   2 |  374.5 |
       Dungeon |    749 |    735 |     14 |      0 |    547 |   2 |  374.5 |
               +--------+--------+--------+--------+--------+-----+--------+

Top non-repeatable levels by time:
     D:1: 447 daAuts
     D:2: 301 daAuts
